 Dungeon Crawl Stone Soup version 0.18.1-50-g88ac8fd (webtiles) character file.

4877 nikopol the Cleaver (level 10, -1/136 HPs)
             Began as a Minotaur Berserker on Sept 25, 2016.
             Was a High Priest of Trog.
             Slain by a vampire (10 damage)
             ... on level 9 of the Dungeon.
             The game lasted 00:14:48 (7768 turns).

nikopol the Cleaver (Minotaur Berserker)            Turns: 7768, Time: 00:14:49

Health: -1/136     AC: 11    Str: 27    XL:     10   Next: 26%
Magic:  9/9        EV: 14    Int:  4    God:    Trog [*****.]
Gold:   302        SH:  0    Dex: 13    Spells: 0 memorised, 9 levels left

rFire  . . .     SeeInvis .     a - +6 hand axe of Doom {freeze, rC++ Str+3}
rCold  + + +     Gourm    .     d - +0 scale mail
rNeg   . . .     Faith    .     (no shield)
rPois  +         Spirit   .     (helmet restricted)
rElec  .         Dismiss  .     n - +0 cloak {rPois}
rCorr  .         Reflect  .     (no gloves)
SustAt .         Harm     .     r - +0 pair of boots
MR     .....                    (no amulet)
Stlth  ..........               p - -3 ring of strength (curse)
                                i - ring of protection from cold

@: berserking, very quick, not resistant to hostile enchantments, extremely
unstealthy
A: retaliatory headbutt, horns 2
a: Berserk, Trog's Hand, Brothers in Arms, Burn Spellbooks, Renounce Religion


You were on level 9 of the Dungeon.
You worshipped Trog.
Trog was extremely pleased with you.
You were hungry.

You visited 1 branch of the dungeon, and saw 9 of its levels.

You collected 302 gold pieces.

Inventory:

Hand Weapons
 a - the +6 hand axe of Doom (weapon) {freeze, rC++ Str+3}
   (You found it on level 4 of the Dungeon)

   It has been specially enchanted to freeze those struck by it, causing extra
   injury to most foes and up to half again as much damage against particularly
   susceptible opponents.
   It can also slow down cold-blooded creatures.
   It affects your strength (+3).
   It greatly protects you from cold.
 z - a +0 shortbow
Missiles
 m - 206 arrows (quivered)
Armour
 b - a +0 animal skin
 d - a +0 scale mail (worn)
 n - a +0 cloak of poison resistance (worn)
 r - a +0 pair of boots (worn)
 H - a cursed +0 cloak
 N - a +0 steam dragon armour
Jewellery
 i - a ring of protection from cold (left hand)
 p - a cursed -3 ring of strength (right hand)
Wands
 L - a wand of iceblast (6/15)
Scrolls
 e - 17 scrolls of identify {unknown}
 j - a scroll of recharging {unknown}
 k - 4 scrolls of remove curse {unknown}
 l - 2 scrolls of teleportation {unknown}
 x - a scroll of fog {unknown}
 y - a scroll of fear {unknown}
 C - a scroll of immolation {unknown}
 F - a scroll of blinking {unknown}
 J - 2 scrolls of vulnerability {unknown}
 K - a scroll of acquirement {unknown}
 Q - a scroll of random uselessness {unknown}
Potions
 f - 3 potions of cancellation {unknown}
 h - 2 potions of flight {unknown}
 o - a potion of magic {unknown}
 q - 4 potions of curing {unknown}
 s - a potion of resistance {unknown}
 t - 2 potions of heal wounds {unknown}
 v - a potion of mutation {unknown}
 A - a potion of lignification {unknown}
 B - a potion of cure mutation {unknown}
 D - a potion of degeneration {unknown}
 G - 2 potions of brilliance {unknown}
 I - a potion of berserk rage {unknown}
 O - a potion of agility {unknown}
Books
 M - the Handbook of Frigorific Darkness
   (You found it on level 8 of the Dungeon)

   Spells                             Type                      Level
   a - Throw Frost                    Conjuration/Ice              2
   b - Vampiric Draining              Necromancy                   3
   c - Throw Icicle                   Conjuration/Ice              4
   d - Cigotuvi's Embrace             Necromancy                   5
   e - Death Channel                  Necromancy                   6
   Trog disapproves of the use of such an item.
Comestibles
 c - 4 bread rations
 g - 7 meat rations
 u - 3 beef jerkies
 w - 17 fruits
 E - 2 slices of pizza
 P - 6 chunks of flesh


   Skills:
 + Level 9.1 Fighting
 * Level 10.0 Axes
 * Level 6.5 Bows
 + Level 8.3 Armour
 + Level 7.3 Dodging


You had 9 spell levels left.
You didn't know any spells.

Dungeon Overview and Level Annotations

Branches:
Dungeon (9/15)             Temple (0/1) D:6
   Lair: D:8-11         Orc: D:9-12

Altars:
Ashenzari
Cheibriados
Fedhas
Nemelex Xobeh
Okawaru
Pakellas
Qazlal
Trog
The Shining One
Jiyva

Shops:
D:5 :   D:9 [

Annotations:
D:5 1 runed door


Innate Abilities, Weirdness & Mutations

You reflexively headbutt those who attack you in melee.
You have a pair of horns on your head.


Message History

You hit something. Something hits you!
* * * LOW HITPOINT WARNING * * *
Something bites you but does no damage.
You barely miss something. You headbutt something!
Something hits you but does no damage. Something bites you.
* * * LOW HITPOINT WARNING * * *
Something draws strength from your injuries!
A red film seems to cover your vision as you go berserk!
You feel yourself moving faster!
You feel mighty!
You feel somewhat more hungry.
Unholy energy fills the air.
* * * LOW HITPOINT WARNING * * *
You barely miss something. You miss something. Something hits you.
* * * LOW HITPOINT WARNING * * *
Something bites you.
* * * LOW HITPOINT WARNING * * *
Something draws strength from your injuries!
You hit something but do no damage. You barely miss something.
Your headbutt misses something. Something hits you!
You die...

+.#####.#.#.##.###
...#.#<#.'..#
#####.#.#.#.####
##.......#...#
#....######### #.....#
#..P.## ##.....#
#..@..## ......{...+
.....(....+ ...((...%.#
..(......%. (.......P.##
## .....#...%. ######.
.....#....########......
#........#####


There were no monsters in sight!

Vanquished Creatures
  Pikel (D:7)
  Grinder (D:3)
  A two-headed ogre (D:8)
  5 yaks (D:9)
  A hungry ghost (D:8)
  3 sky beasts
  4 ice beasts
  An orc warrior (D:8)
  A phantom (D:9)
  3 slaves (D:7)
  4 centaurs
  3 ogres
  A big kobold (D:9)
  2 giant frogs (D:6)
  2 scorpions
  A water moccasin skeleton (D:7)
  3 killer bees (D:9)
  2 howler monkeys
  3 crimson imps
  3 hounds
  A quasit (D:6)
  A wasp zombie (D:7)
  4 orc priests
  A centaur skeleton (D:6)
  5 jellies (D:8)
  3 giant frog skeletons
  Jessica (D:3)
  6 orc wizards
  3 iguanas
  2 worker ants
  A killer bee zombie (D:9)
  A hound zombie (D:6)
  A howler monkey zombie (D:7)
  A worker ant zombie (D:7)
  6 gnolls
  6 adders
  2 shadow imps (D:7)
  6 worms
  3 giant geckos
  29 orcs
  7 bats
  3 giant cockroaches
  6 goblins
  7 hobgoblins
  4 jackals
  3 quokkas
  7 giant newts
  10 kobolds
  A quokka zombie (D:9)
  2 rats (D:2)
178 creatures vanquished.

Vanquished Creatures (others)
  A toadstool (D:8)
1 creature vanquished.

Grand Total: 179 creatures vanquished

Notes
Turn   | Place    | Note
--------------------------------------------------------------
     0 | D:1      | nikopol the Minotaur Berserker began the quest for the Orb.
     0 | D:1      | Reached XP level 1. HP: 19/19 MP: 0/0
   245 | D:1      | Reached XP level 2. HP: 27/27 MP: 1/1
   815 | D:2      | Reached XP level 3. HP: 32/33 MP: 2/2
   886 | D:2      | Found an oddly glowing altar of Pakellas.
   923 | D:2      | Reached ** piety under Trog
   933 | D:2      | Reached skill level 4 in Axes
  1303 | D:2      | Reached XP level 4. HP: 40/40 MP: 3/3
  1396 | D:2      | Found an iron altar of Okawaru.
  1397 | D:2      | Found a sparkling altar of Nemelex Xobeh.
  1397 | D:2      | Found a bloodstained altar of Trog.
  1732 | D:3      | Noticed Grinder
  1743 | D:3      | Killed Grinder
  1743 | D:3      | Reached skill level 5 in Axes
  1743 | D:3      | Reached XP level 5. HP: 15/47 MP: 4/4
  1743 | D:3      | Reached XP level 6. HP: 18/55 MP: 5/5
  1843 | D:3      | Reached skill level 5 in Fighting
  2093 | D:3      | Noticed Jessica
  2104 | D:3      | Killed Jessica
  2566 | D:3      | Reached *** piety under Trog
  2846 | D:4      | Reached skill level 5 in Armour
  3017 | D:4      | Reached XP level 7. HP: 51/61 MP: 6/6
  3033 | D:4      | Got an iridescent hand axe
  3034 | D:4      | Identified the +6 hand axe of Doom {freeze, rC++ Str+3} (You found it on level 4 of the Dungeon)
  3216 | D:4      | Found a snail-covered altar of Cheibriados.
  3226 | D:5      | Entered Level 5 of the Dungeon
  3229 | D:5      | Reached skill level 6 in Axes
  3237 | D:5      | Reached skill level 5 in Dodging
  3337 | D:5      | Found Plog's Book Shop.
  3433 | D:5      | Found a glowing golden altar of the Shining One.
  3434 | D:5      | Found a runed door.
  3434 | D:5      | Noticed an angel
  3792 | D:6      | Found a bloodstained altar of Trog.
  3849 | D:6      | Reached XP level 8. HP: 71/71 MP: 7/7
  3985 | D:6      | Found a staircase to the Ecumenical Temple.
  4072 | D:6      | Reached skill level 7 in Axes
  4444 | D:7      | Reached skill level 1 in Bows
  4509 | D:7      | Reached **** piety under Trog
  4576 | D:7      | Noticed Pikel
  4589 | D:7      | Killed Pikel
  4589 | D:7      | Reached skill level 8 in Axes
  4589 | D:7      | Reached XP level 9. HP: 68/79 MP: 8/8
  5200 | D:7      | Found a blossoming altar of Fedhas.
  5340 | D:7      | Received a gift from Trog
  5927 | D:8      | Reached skill level 9 in Axes
  5930 | D:8      | Reached skill level 5 in Bows
  5952 | D:8      | Found a viscous altar of Jiyva.
  6126 | D:8      | Identified the Handbook of Frigorific Darkness
  6907 | D:9      | Reached XP level 10. HP: 90/90 MP: 9/9
  6910 | D:9      | Reached ***** piety under Trog
  7291 | D:9      | Found a shattered altar of Ashenzari.
  7341 | D:9      | Found a stormy altar of Qazlal.
  7489 | D:9      | Reached skill level 10 in Axes
  7549 | D:9      | Found Anwiag's Armour Shop.
  7768 | D:9      | Slain by a vampire

Skill      XL: |  1  2  3  4  5  6  7  8  9 10 |
---------------+-------------------------------+-----
Armour         | 3 4 5 7 8 |  8.3
Fighting       | 4 5 6 7 8 9 |  9.1
Axes           | 4 5 6 8 9 10 | 10.0
Dodging        | 3 4 5 6 7 |  7.3
Bows           | 3 5 6 |  6.5

Action                   |  1- 3 |  4- 6 |  7- 9 | 10-12 || total
-------------------------+-------+-------+-------+-------++-------
Melee: Hand axe          |    90 |   105 |   173 |    85 ||   453
       Headbutt          |    14 |    19 |    33 |    13 ||    79
 Fire: Shortbow          |       |       |   171 |    15 ||   186
Invok: Berserk           |       |     2 |       |     1 ||     3
       Burn Spellbooks   |       |       |     2 |       ||     2
  Eat: Chunk             |     1 |     6 |    14 |     2 ||    23
       Beef jerky        |       |     1 |       |       ||     1
Armor: Scale mail        |    37 |    30 |    71 |    36 ||   174
Dodge: Dodged            |    47 |    41 |   128 |    24 ||   240
